[Event "Germany Countries-chT Youth 2022"]
[Site "Wiesbaden"]
[Date "2022.10.01"]
[Round "1"]
[White "Bornholdt, Joa Max"]
[Black "Holinka, Henning"]
[Result "1/2-1/2"]
[ECO "D31"]
[WhiteElo "2196"]
[BlackElo "2245"]
[Annotator "TA"]
[PlyCount "95"]
[EventDate "2022.09.28"]
[EventType "team-tourn"]
[EventRounds "7"]
[EventCountry "GER"]
[SourceTitle "playchess.com"]
[Source "ChessBase"]
[SourceQuality "1"]
[TimeControl "40/5400+30:1800+30"]

1. d4 d5 2. c4 e6 3. Nc3 a6 4. cxd5 exd5 5. Nf3 c6 6. Qc2 {[%emt 0:00:52] D31: Queen's Gambit Declined: Semi-Slav without ...Nf6 (+ Marshall Gambit and Noteboom) and Exchange Variation lines without ...Nf6.} Nf6 7. Bg5 Be6 8. e3 {[%emt 0:01:16] White has an edge.} h6 9. Bh4 Bd6 10. Bd3 (10. Ne5 {keeps more tension.} c5 11. Bd3 O-O 12. O-O) 10... Nbd7 {[%emt 0:03:50] Against Ne5} 11. O-O Qc7 12. Bg3 Bxg3 13. hxg3 O-O 14. Rfc1 Rfe8 15. b4 Qd6 16. Na4 {[%emt 0:17:42] [#]} Re7 $146 ({Don't take} 16... Qxb4 17. Rcb1 Qa3 18. Rxb7 $16) ({Predecessor:} 16... Rac8 17. Nc5 Rc7 18. Qb2 Bg4 19. a4 Bxf3 20. gxf3 Nxc5 21. bxc5 Qd7 22. Kg2 g6 {½-½ (124) Budisavljevic,L (2509)-Dragnev,V (2569) Biel 2021}) 17. Nc5 Nb6 18. a4 Rc7 19. Rab1 Qe7 20. Rb3 Ne8 21. Rc3 Nd6 {[%emt 0:02:01] [#]} 22. Ne5 $1 a5 (22... Qf6 $142) 23. Nxe6 $16 {[%emt 0:02:46] White has more active pieces.} Qxe6 {[%emt 0:00:26] [#]} 24. b5 c5 25. Rxc5 Rxc5 26. dxc5 Qxe5 27. cxb6 g6 (27... Qe6 $16 28. Qb2 Nc8) 28. Qc3 (28. Qd2 $18 {is more deadly.}) 28... Qxc3 29. Rxc3 {[%emt 0:00:01][%mdl 4096] Endgame KRB-KRN} Nc8 30. Bc2 Nxb6 31. Bb3 ({White should play} 31. Rc7 $16) 31... Rc8 (31... Rd8 $1 $11) 32. Rxc8+ Nxc8 33. Bxd5 {[%emt 0:00:13] KB-KN} b6 $2 (33... Nb6 $16 {is tougher.} 34. Bxb7 Kf8) 34. Kf1 Kf8 35. Ke2 Ke7 36. Kd3 f6 $2 (36... Nd6 {is a better defense.} 37. e4 Ne8) 37. Kd4 $18 Kd6 38. f4 $2 ({White should try} 38. Bb3 $18 Ne7 39. e4) 38... Ne7 $14 39. Be4 {[%emt 0:00:41] Black must now prevent g4.} g5 $2 (39... h5 $1 $11 {and Black has nothing to worry.}) 40. Bb1 Nd5 41. Ba2 Ne7 (41... Nb4) 42. e4 $18 f5 43. e5+ Kd7 44. Bb1 $2 (44. fxg5 hxg5 45. Bf7) 44... g4 45. Bc2 Ng6 $2 (45... Kc7 $18 46. Bd3 Kd7) 46. Bb3 $2 (46. Bxf5+ {mates} Ke7 47. Bxg6 Kd7 48. f5 h5 49. Bxh5 Ke7 50. Kd5 Kd8 51. f6) 46... Ne7 47. Bd5 Nc8 48. Bc6+ {[%emt 0:01:21] Weighted Error Value: White=0.51/Black=0.63} 1/2-1/2

[Event "Germany Countries-chT Youth 2022"]
[Site "Wiesbaden"]
[Date "2022.10.01"]
[Round "1"]
[White "Wong, Gengchun"]
[Black "Lutsko, Artem"]
[Result "1/2-1/2"]
[ECO "B99"]
[WhiteElo "2195"]
[BlackElo "2431"]
[Annotator "TA"]
[PlyCount "63"]
[EventDate "2022.09.28"]
[EventType "team-tourn"]
[EventRounds "7"]
[EventCountry "GER"]
[SourceTitle "playchess.com"]
[Source "ChessBase"]
[SourceQuality "1"]
[TimeControl "40/5400+30:1800+30"]

1. e4 c5 2. Nf3 d6 3. d4 cxd4 4. Nxd4 Nf6 5. Nc3 a6 6. Bg5 e6 7. f4 Be7 8. Qf3 Qc7 9. O-O-O Nbd7 10. g4 h6 11. Bxf6 Bxf6 12. h4 $1 Nb6 $1 {[%mdl 4] outshines the older 12...Qb6. B99: Sicilian Najdorf: 6 Bg5 e6 7 f4 Be7 8 Qf3 Qc7 9 0-0-0 Nbd7.} 13. g5 Bxd4 14. Rxd4 Qc5 {White is slightly better.} 15. Rd1 Bd7 16. Kb1 O-O-O {[#]} 17. Bh3 $146 ({Predecessor:} 17. Bd3 Bc6 18. Qg4 hxg5 19. hxg5 g6 20. Rxh8 Rxh8 21. f5 Qe5 22. Ne2 Kb8 23. fxg6 fxg6 {0-1 (36) Paravyan,D (2617)-Leiva Rodriguez,J (2405) Chess.com INT 2022}) 17... hxg5 18. hxg5 Kb8 (18... Nc4 {feels hotter.} 19. b3 Na3+ 20. Kb2 b5) 19. Qg3 Bc6 20. g6 (20. Rhe1 $11) 20... f5 $1 $15 21. Rhe1 Na4 (21... d5 $1 $15 22. exf5 exf5) 22. Nxa4 $11 Bxa4 23. b3 Bc6 (23... Rc8 $5 24. c4 Bc6 $14) 24. exf5 exf5 25. Bg2 {Prevents Be4.} Bxg2 26. Qxg2 {Threatens to win with Re7.} Rde8 {Inhibits Re7.} 27. Qd2 {White is more active.} Kc7 28. Qd3 {[%cal Oa2a3] Prevents Re4.} Kd7 $1 29. Qf3 Qc6 30. Qd3 Qc5 31. Qf3 Qc6 32. Qd3 {Weighted Error Value: White=0.11 (very precise) /Black=0.11 (very precise)} 1/2-1/2

[Event "Germany Countries-chT Youth 2022"]
[Site "Wiesbaden"]
[Date "2022.10.01"]
[Round "1"]
[White "Hommer, Jeremy"]
[Black "Sommer, Justus"]
[Result "1-0"]
[ECO "C50"]
[WhiteElo "2184"]
[BlackElo "2122"]
[Annotator "TA"]
[PlyCount "89"]
[EventDate "2022.09.28"]
[EventType "team-tourn"]
[EventRounds "7"]
[EventCountry "GER"]
[SourceTitle "playchess.com"]
[Source "ChessBase"]
[SourceQuality "1"]
[TimeControl "40/5400+30:1800+30"]

1. e4 e5 2. Nf3 Nc6 3. Bc4 Bc5 4. d3 Nf6 5. Nc3 d6 6. Na4 Bb6 {[%emt 0:00:42] C50: Hungarian Defence and Giuoco Pianissimo.} 7. a3 Be6 (7... O-O {with more complications.} 8. O-O h6 9. Re1 Re8) 8. Nxb6 axb6 {[%emt 0:00:16] The position is equal.} 9. Qe2 (9. Bxe6 $142 fxe6 10. O-O) 9... h6 {[%emt 0:05:17] [#]} 10. Bd2 $146 ({Predecessor:} 10. h3 Qe7 11. O-O Bxc4 12. dxc4 Qe6 13. b3 g5 14. Nd2 Rg8 15. c3 g4 16. hxg4 Rxg4 {0-1 (30) Ivanovic,B (2515)-Kovacevic,V (2530) Novi Sad 1985}) 10... Qe7 11. h3 Bxc4 12. dxc4 Nd4 (12... O-O $15) 13. Nxd4 $14 exd4 14. O-O O-O (14... Qxe4 $2 15. Qxe4+ Nxe4 16. Rae1 $18) (14... Nxe4 $2 15. Rae1 $18) 15. Rfe1 Nd7 16. Qd3 Qf6 17. c3 dxc3 (17... Nc5 $5 18. Qxd4 Qe6 $11) 18. Bxc3 Qe6 19. Qd5 Nc5 20. b4 Na4 21. Bd4 (21. Rac1 {deserves consideration.}) 21... c6 ({Black should try} 21... c5 $11 22. Be3 Nb2) 22. Qxe6 fxe6 23. Rad1 $40 {[%emt 0:00:11][%mdl 128] Black needs to defend precisely.} e5 24. Ba1 Rf6 25. f4 Rxf4 26. Rxd6 Re8 27. Rd7 Rf7 28. Rxf7 Kxf7 $16 {[%emt 0:00:09][%mdl 4096] Endgame KRB-KRN} 29. Rf1+ $1 Kg8 30. Rd1 {[%emt 0:00:13] Inhibits Rd8.} Re7 {[%emt 0:02:57] Inhibits Rd7. This costs Black the game.} ({Better is} 30... Kf7 $1 $14) 31. Kf2 $18 Kf7 32. Rd8 Kf6 33. Ke2 Kg5 34. g3 h5 35. Rf8 g6 36. h4+ Kg4 {[%emt 0:00:25] [#]} 37. Kf2 {[%emt 0:00:16] Black must now prevent Kg2.} Re6 $2 {[%emt 0:02:58] [#]} (37... Rd7) 38. Kg2 $1 Rd6 39. Bxe5 Rd2+ 40. Rf2 Rxf2+ 41. Kxf2 b5 42. cxb5 cxb5 43. Bd4 g5 44. hxg5 Kxg5 45. Kf3 {[%emt 0:00:25] Weighted Error Value: White=0.13 (very precise) /Black=0.64} 1-0

[Event "Germany Countries-chT Youth 2022"]
[Site "Wiesbaden"]
[Date "2022.10.01"]
[Round "1"]
[White "Sidletskyi, Ivan"]
[Black "Feidt, Jonas"]
[Result "1-0"]
[ECO "B12"]
[WhiteElo "2184"]
[BlackElo "1908"]
[Annotator "TA"]
[PlyCount "115"]
[EventDate "2022.09.28"]
[EventType "team-tourn"]
[EventRounds "7"]
[EventCountry "GER"]
[SourceTitle "playchess.com"]
[Source "ChessBase"]
[SourceQuality "1"]
[TimeControl "40/5400+30:1800+30"]

1. e4 c6 2. d4 d5 3. f3 dxe4 4. fxe4 e5 5. Nf3 Bg4 6. Bc4 Nd7 $1 7. c3 {[%emt 0:02:30] B12: Caro-Kann: Advance Variation.} Bd6 {[%emt 0:23:27] is currently scoring better than 7...Bh5.} 8. Qb3 Qe7 9. O-O {[%emt 0:08:23][%cal Oc4f7] [#] aiming for Bxf7+! The position is equal.} Ngf6 10. Bg5 O-O 11. Nbd2 h6 12. Bh4 b5 13. Bd3 {[%emt 0:07:31] [#]} Rab8 $146 ({Predecessor:} 13... c5 14. Bxb5 Rab8 15. Qc4 cxd4 16. Bxd7 Bxd7 17. cxd4 Bb5 18. Bxf6 Qxf6 19. Nxe5 Qg5 {½-½ (43) Tomczak,J (2603)-Dragun,K (2557) Warsaw 2021}) 14. h3 Bxf3 15. Nxf3 c5 16. dxc5 Nxc5 17. Qc2 Rfd8 18. Bxf6 (18. Kh1 $5 ) 18... Qxf6 19. Rad1 Qg6 20. Qe2 Nxd3 21. Rxd3 a6 22. Nh4 Bc5+ 23. Kh2 Qg5 24. Nf3 Qe7 25. Rfd1 Bb6 26. Rd5 Bc7 27. Kh1 Rxd5 28. Rxd5 Rd8 29. Qd3 Kh7 30. Kg1 g6 31. Kf1 Kg7 32. Ke2 Rxd5 33. Qxd5 Qd6 34. Qxd6 Bxd6 $11 {[%emt 0:00:04][%mdl 4096] Endgame KB-KN} 35. c4 Kf6 36. Kd3 Ke6 37. Ne1 f5 38. cxb5 axb5 39. Nc2 Bc5 40. b4 Be7 41. Na3 Bxb4 42. Nxb5 Ba5 43. Na3 Kf6 44. Nc4 Bc7 45. h4 f4 46. a4 {[%emt 0:00:00] Black must now prevent a5.} g5 $2 {[%emt 0:00:00][%mdl 8192] Loses the game.} (46... Ke7 $14) 47. hxg5+ $18 Kxg5 48. a5 (48. Ke2 $142 Kf6 49. a5) 48... f3 49. gxf3 Kf4 50. a6 {[%emt 0:00:00] Intending a7 and mate.} Bb8 51. Na5 {[%emt 0:00:00] Threatening mate with Nc6.} Ba7 52. Nc6 {[%emt 0:00:00] White mates.} Bb6 53. Ke2 h5 {[%emt 0:00:22] [#]} 54. a7 $1 Bxa7 55. Nxa7 Kg3 56. Nc6 h4 57. Nxe5 h3 58. Ng4 {[%emt 0:00:00] Weighted Error Value: White=0.10 (very precise) /Black=0.28 (precise)} 1-0

[Event "Germany Countries-chT Youth 2022"]
[Site "Wiesbaden"]
[Date "2022.10.01"]
[Round "1"]
[White "Post, Hugo"]
[Black "Krastev, Alexander"]
[Result "1/2-1/2"]
[ECO "B45"]
[WhiteElo "2176"]
[BlackElo "2431"]
[Annotator "TA"]
[PlyCount "139"]
[EventDate "2022.09.28"]
[EventType "team-tourn"]
[EventRounds "7"]
[EventCountry "GER"]
[SourceTitle "playchess.com"]
[Source "ChessBase"]
[SourceQuality "1"]
[TimeControl "40/5400+30:1800+30"]

1. e4 c5 2. Nf3 Nc6 3. d4 cxd4 4. Nxd4 Nf6 5. Nc3 e6 6. Ndb5 Bc5 7. Bf4 {[%emt 0:00:33] The main line 7.Bf4 scores better than 7.Nd6+.} O-O {[%emt 0:00:08] B45: Sicilian Four Knights.} 8. Bc7 Qe7 9. Bd6 $1 Bxd6 {[%emt 0:00:05] The position is equal.} 10. Qxd6 Qd8 11. Nc7 Rb8 12. Be2 b5 {[%emt 0:00:06] Hoping for ...b4.} 13. e5 (13. Bxb5 Rb7 14. e5 (14. Bxc6 $2 dxc6 15. Qxd8 Rxd8 $17) 14... Nh5 15. Nxe6 (15. Bxc6 dxc6 16. Qxd8 Rxd8 $17) 15... fxe6 16. Bxc6 dxc6 17. Qxd8 Rxd8 $17) 13... Ne8 14. Nxe8 {[%emt 0:00:10] Nc7 is the strong threat.} Rxe8 15. O-O ({Much worse is} 15. Bxb5 Qa5 16. Bxc6 Rxb2 $11) 15... b4 16. Ne4 Bb7 17. Qc5 {[%emt 0:05:40] [#]} Rf8 $146 ({Predecessor:} 17... Ba8 18. Rad1 Rf8 19. f4 Ne7 20. Bf3 Nd5 21. Qxa7 Qb6+ 22. Qxb6 Rxb6 23. Rd2 Ra6 {0-1 (34) Carnicelli,V (2235)-Carlo,E (2288) Premium Chess Arena INT 2020}) 18. Rad1 Ne7 19. Nd6 Bd5 20. Qe3 Qb6 21. Qg3 f6 22. Bd3 fxe5 23. Qxe5 Rf6 24. c4 (24. Ne4 $11 {is superior.} Rff8 25. Qd6 Qxd6 26. Nxd6) 24... bxc3 $1 $15 {[%emt 0:09:48] aiming for ...Ng6.} 25. bxc3 Ng6 26. Bxg6 Rxg6 27. Ne4 Rg4 (27... d6 $15 28. Qd4 Qxd4 29. Rxd4 Rb2) 28. Rd4 {[%emt 0:06:37][%cal Oe4f6] And now Nf6+! would win.} d6 29. Qh5 {[%emt 0:00:08] Threatens to win with Nf6+.} ({But not} 29. Nf6+ Kh8 30. Qxd5 exd5 $17) 29... Rxe4 30. Rxd5 Rf8 31. Qd1 Rd8 {[%emt 0:02:13] [#]} 32. Qd3 $1 Rf4 (32... Qc6 33. Qxe4) 33. Rh5 g6 34. Rg5 {[%emt 0:01:04][%cal Og5g6] Strongly threatening Rxg6+!} e5 35. h4 Rf6 ({Resist} 35... Rxh4 {[#]} 36. Rxg6+ $1 Kh8 37. Re6 $16) 36. Qd5+ Kg7 37. Rg4 Rdf8 38. Rb4 Rxf2 39. Rxb6 Rxf1+ 40. Kh2 axb6 41. Qxd6 $11 {[%emt 0:30:13][%mdl 4096] Endgame KQ-KRR} R1f6 42. Qxe5 h5 43. c4 R8f7 44. c5 bxc5 45. Qxc5 Ra6 (45... Rf4 $5 46. Qa5 Rxh4+ 47. Kg1 Re4 $15) 46. Qe5+ Kh7 47. Qd5 (47. g4 $5) 47... Rfa7 {[%emt 0:00:11] Black is slightly better.} 48. Qd8 Rxa2 49. Qd4 Rf7 50. Qe4 Raa7 51. Qd4 Rae7 52. Kh3 Re1 53. Kh2 Ref1 54. Qd8 R1f4 55. Kh3 Re4 56. Qd5 Rfe7 57. Qg5 Kg7 58. Qc5 Rd7 59. Qc3+ Red4 60. Qc5 R4d5 61. Qc3+ Kh7 {[%emt 0:00:34] ( -> ...Rd3+)} 62. Qf6 Rf5 63. Qe6 Ra7 64. Qd6 Rff7 65. Kh2 Rad7 66. Qe6 Rde7 67. Qd6 Re2 68. Kh3 Re3+ 69. Kh2 Re4 70. Qd8 {[%emt 0:00:34] Weighted Error Value: White=0.07 (flawless) /Black=0.04 (flawless)} 1/2-1/2

[Event "Germany Countries-chT Youth 2022"]
[Site "Wiesbaden"]
[Date "2022.10.01"]
[Round "1"]
[White "Geltz, Noah"]
[Black "Stork, Oliver"]
[Result "0-1"]
[ECO "B40"]
[WhiteElo "2142"]
[BlackElo "2315"]
[Annotator "TA"]
[PlyCount "56"]
[EventDate "2022.09.28"]
[EventType "team-tourn"]
[EventRounds "7"]
[EventCountry "GER"]
[SourceTitle "playchess.com"]
[Source "ChessBase"]
[SourceQuality "1"]
[TimeControl "40/5400+30:1800+30"]

1. e4 c5 2. Nf3 e6 3. b3 a6 4. Bb2 Nc6 5. c4 Nf6 6. e5 {[%emt 0:05:50] B40: Sicilian: 2...e6, Unusual lines.} Ng4 7. h3 Nh6 8. Nc3 {[%emt 0:03:07] The position is equal.} d6 9. exd6 {[%emt 0:05:57] [#]} Bxd6 $146 ({Better is} 9... e5 $15) ({Predecessor:} 9... Nf5 10. Ne4 Bxd6 11. g4 Nfd4 12. Nxd4 Nxd4 13. Bxd4 cxd4 14. Nxd6+ Qxd6 15. Bg2 Rb8 {0-1 (30) Ramnath,B (2393)-Sethuraman,S (2553) Hyderabad 2013}) 10. d4 $1 $11 cxd4 11. Nxd4 Nxd4 (11... Bd7 $1 $11) 12. Qxd4 $14 Nf5 13. Qd2 Qc7 14. Bd3 {[%emt 0:03:05] [#] Strongly threatening Bxf5.} Nh4 15. O-O Bd7 (15... Qc6 16. Be4 Qc7 17. Rad1 $16) 16. f4 (16. Qg5 $14 Ng6 17. Rfe1) 16... Bc6 $11 17. Ne4 O-O-O {[%emt 0:02:16] And now ...Bxe4 would win.} 18. Qe1 {[%emt 0:10:44][%mdl 8192] [#] Loses the game.} ({Avoid the trap} 18. Bxg7 $2 Rhg8 19. c5 Rxg7 $19) (18. c5 $1 $11 {and White has nothing to worry.} Be7 19. Qe2 (19. Be5 Qd7 $11)) 18... Nxg2 $1 $19 19. Kxg2 f5 {[%emt 0:04:13][%mdl 64] Pin} 20. Kg1 (20. Rd1 $142 Bxf4 21. Qe2) 20... Bxf4 21. Bc2 (21. Qf2 Rxd3 22. Qxf4 Qxf4 23. Rxf4 Bxe4 24. h4) 21... fxe4 22. Bxe4 Bd2 23. Qh4 Be3+ ({Weaker is} 23... Bxe4 24. Qxe4 Qg3+ 25. Qg2 Be3+ 26. Kh1 Qxg2+ 27. Kxg2 $17) 24. Kg2 Rd2+ 25. Kf3 Bd4 (25... Bh6 $142 26. Qxh6 gxh6 27. Bc3 Rd3+ 28. Ke2 Rxc3 29. Rac1 Rxc1 30. Rxc1 Qe5 31. Rg1 Bxe4 32. Rg4 Rf8 33. Ke3 Bb1+ 34. Re4 Qxe4+ 35. Kd2 Qd3+ 36. Ke1 Rf1#) 26. Bxd4 {[%emt 0:00:29] Black is clearly winning.} Rxd4 27. Rae1 Bxe4+ (27... Qh2 $142 28. Rd1 Rxe4 29. Qxe4 Qxh3+ 30. Ke2 Bxe4) 28. Rxe4 Rf8+ {[%emt 0:00:04] Weighted Error Value: White=1.19/Black=0.76} 0-1

[Event "Germany Countries-chT Youth 2022"]
[Site "Wiesbaden"]
[Date "2022.10.01"]
[Round "1"]
[White "Heinrich, John"]
[Black "Schneider, Jana"]
[Result "0-1"]
[ECO "C68"]
[WhiteElo "2139"]
[BlackElo "2323"]
[Annotator "TA"]
[PlyCount "78"]
[EventDate "2022.09.28"]
[EventType "team-tourn"]
[EventRounds "7"]
[EventCountry "GER"]
[SourceTitle "playchess.com"]
[Source "ChessBase"]
[SourceQuality "1"]
[TimeControl "40/5400+30:1800+30"]

1. e4 e5 2. Nf3 Nc6 3. Bb5 a6 4. Bxc6 dxc6 5. O-O Qf6 6. d4 {C68: Ruy Lopez: Exchange Variation, sidelines.} exd4 7. Bg5 Qd6 8. Nxd4 {[%cal Bf3d4,Bd4b3,Bb3a5][%mdl 32] The position is equal.} f6 9. Bh4 c5 10. Nb3 (10. Nf5 Bxf5 11. exf5 O-O-O $15) 10... Qxd1 11. Rxd1 Bd7 12. Bg3 O-O-O (12... c4 13. Na5 $16) 13. Nc3 {[%cal Bb1c3,Bc3d5,Bd5b4][%mdl 32] [#]} c4 $146 (13... Be6 $11 {was preferrable.}) ({Predecessor:} 13... Nh6 14. Nd5 Bd6 15. Bxd6 cxd6 16. a4 Rhe8 17. f3 f5 18. exf5 Bxf5 19. Rd2 Nf7 {1-0 (47) Felix Simoes,R (1825)-De Carvalho,C (2051) Florianopolis 2017}) 14. Na5 $14 b5 (14... Bc5 $14) 15. Nd5 Bd6 (15... Ne7 $142) 16. Bxd6 $18 cxd6 17. Nb4 Be8 18. a4 (18. Nxa6 $6 Ne7 19. b3 d5 $18) 18... Kc7 19. Nxa6+ Kb6 {[#]} 20. Nc5 $1 {[%mdl 512] Pair of Knights!} Rb8 {[#]} (20... bxa4 21. Ncb7) 21. Ncb7 Rxb7 22. Nxb7 Kxb7 23. axb5 ({Don't play} 23. Rxd6 $6 Ne7 $16) 23... Bxb5 24. Rxd6 {Rd8 is the strong threat.} Ne7 25. Ra5 Bc6 {[#]} 26. Rc5 $1 Ra8 {( -> ...Ra1+)} 27. f3 Ra4 {[#]} 28. Re6 ({White should play} 28. Rd4 $1 $18) 28... Kb6 $14 29. Rh5 (29. Rd5 $1 $14 Ra7 30. Kf2) 29... Ng6 $11 {Hoping for ...Ra1+.} 30. Rd6 (30. Rxh7 $11 Nf8 31. Rxc6+ Kxc6 32. Rxg7) 30... h6 $15 {[%mdl 1024] Black has compensation.} 31. Rd8 Ra2 ({Better is} 31... Ra1+ $15 32. Kf2 Rc1) 32. Rg8 $2 (32. Rb8+ $1 $11 {and White has nothing to worry.} Bb7 33. Rg8) 32... Nf4 ({Black should try} 32... Rxb2 $19 33. Rxg7 Nf4 34. Rxh6 Rxc2 35. Rxf6 c3 36. Rxf4 Rd2) 33. Rf5 $2 (33. Rh4 $1 $15 c3 34. bxc3 (34. Rxf4 $2 cxb2 35. h4 b1=Q+ $19)) 33... Ne2+ $19 34. Kf2 Nd4 35. Rh5 (35. Rb8+ Kc7 36. Rb4 Nxc2 37. Rxc4 Rxb2 38. Rb5 Rxb5 39. Rxc2) 35... Rxb2 {Black is clearly winning.} 36. Ke3 (36. Rb8+ $142 Bb7 37. Rd5 Rxc2+ 38. Ke1) 36... Nxc2+ 37. Kd2 Na3+ 38. Kc3 Rb3+ 39. Kd2 c3+ {Quite a comeback for Black.  Weighted Error Value: White=0.96/Black=0.21 (precise)} 0-1

[Event "Germany Countries-chT Youth 2022"]
[Site "Wiesbaden"]
[Date "2022.10.01"]
[Round "1"]
[White "Besou, Hussain"]
[Black "Haubold, Christian Lucas"]
[Result "1/2-1/2"]
[ECO "E90"]
[WhiteElo "2119"]
[BlackElo "1888"]
[Annotator "TA"]
[PlyCount "134"]
[EventDate "2022.09.28"]
[EventType "team-tourn"]
[EventRounds "7"]
[EventCountry "GER"]
[SourceTitle "playchess.com"]
[Source "ChessBase"]
[SourceQuality "1"]
[TimeControl "40/5400+30:1800+30"]

1. d4 Nf6 2. c4 g6 3. Nc3 Bg7 4. e4 d6 5. h3 O-O 6. Nf3 e5 7. d5 Na6 8. Be3 Nc5 9. Nd2 a5 10. g4 Qe8 {[%emt 0:12:42] E90: King's Indian: Classical: Early deviations and 6 h3.} 11. Be2 c6 12. h4 {[%emt 0:01:44][%cal Bh3h4,Bh4h5][%mdl 32] [#]} Rb8 $146 {[%emt 0:07:02] White is better.} ({Predecessor:} 12... Nfd7 13. g5 f5 14. f3 a4 15. a3 Qe7 16. Qc2 fxe4 17. fxe4 Rf4 18. O-O-O Nb6 {0-1 (48) Cardoso Cardoso,J (2414)-Maghsoodloo,P (2676) Chess.com INT 2020}) 13. h5 cxd5 14. cxd5 b5 (14... h6 $16) 15. g5 $18 Nxh5 16. Bxc5 dxc5 17. Bxh5 f5 18. gxf6 Rxf6 19. Bf3 c4 20. a4 b4 21. Nb5 (21. Nxc4 bxc3 22. bxc3 Qf8 $19) 21... Qf8 22. Qe2 c3 23. bxc3 bxc3 24. Nxc3 Bh6 {[%emt 0:01:32] [#]} 25. Rxh6 Qxh6 26. Qe3 Qh2 (26... Qxe3+ $142 27. fxe3 h5) 27. O-O-O Qh3 28. Be2 Qd7 $2 (28... Rxf2 $16 29. Bf3 Rh2) 29. Bb5 Qd6 (29... Qc7 $142 30. Bc4 Qg7) 30. Kc2 Qc7 31. f3 Ba6 32. Bc6 Rb4 33. Qc5 Qb8 (33... h5 $142 34. Rg1 Kh7) 34. Bb5 Bxb5 35. axb5 g5 (35... Qf8 $142 36. Qc7 Qd6 37. Qxd6 Rxd6) 36. Qe7 Qd6 37. Qxd6 Rxd6 38. Nb3 a4 39. Na5 a3 40. Ra1 Rb2+ 41. Kd3 Rf6 42. Kc4 Rxf3 43. d6 Rc2 44. Rxa3 Rf6 45. Nb7 Rf7 46. Nc5 Rd2 47. Nd5 $2 (47. d7 Rd4+ 48. Kb3 Rfxd7 49. Nxd7 Rxd7 50. b6) 47... Rd4+ {[%emt 0:00:00] [#]} 48. Kb3 $1 Rf3+ 49. Nc3 (49. Kb2 Rf2+ 50. Kc1 Rf1+ 51. Kc2 Rf2+ 52. Kc1 Rf1+ 53. Kc2 Rf2+ 54. Kb3 Rf3+ 55. Nc3 (55. Kb2 Rf2+ 56. Kc3 Rf3+ 57. Kc2 Rf2+ $16) 55... Rxd6 $16) 49... Rxd6 50. N5a4 $2 (50. Ra6 $18 Rxa6 51. Nxa6 (51. bxa6 Rf8 $16)) 50... g4 {[%emt 0:01:55] White must now prevent ...g3.} 51. b6 g3 (51... h5 $14) 52. b7 Rd8 {[%emt 0:00:55] [#]} (52... Rf8 {was worth a try.} 53. Nd5 h5) 53. Ra1 $2 (53. Nc5 $1 $18) 53... g2 (53... Rb8 $5 54. Nc5 g2 $14) 54. Rg1 Rg3 55. Kc4 {[%emt 0:00:00] And now Nc5 would win.} h5 {[%emt 0:00:29][%cal Bh7h5,Bh5h4][%mdl 32] Strongly threatening ...h4.} 56. Nd5 {[%emt 0:00:00] Ne7+ is the strong threat.} Kf7 {[%emt 0:00:36][%mdl 1024] Inhibits Ne7. Black has compensation.} 57. Nab6 {[%emt 0:00:00] Pair of Knights!} Rb8 58. Nd7 $1 {[%emt 0:00:00][%csl LRb8,LRe5] The board is on fire.} (58. Nc8 $2 Ke6 59. Nce7 Rxb7 $19) 58... Rxb7 59. Nxe5+ Ke6 60. Nd3 h4 {[%emt 0:00:50] Threatens to win with ...Kf7.} 61. N5f4+ ({Wrong is} 61. Nc5+ $2 Ke5 62. Nd3+ (62. Nxb7 $2 {too greedy.} h3 $19) 62... Kxe4 63. Re1+ (63. Nc5+ $2 Kf3 $19) 63... Kf5 64. Re5+ Kg4 65. Nf6+ Kh3 66. Nf4+ Kh2 67. Nxg2 Rxg2 $19) 61... Ke7 {[%emt 0:00:28] aiming for ...Rc7+.} 62. Nf2 Rb2 63. Rxg2 {[%emt 0:00:00] The position is equal.} Rxg2 64. Nxg2 Rxf2 65. Nxh4 Ke6 66. Kd4 Rd2+ 67. Ke3 Ra2 {[%emt 0:00:36] Weighted Error Value: White=0.45/Black=0.39} 1/2-1/2

[Event "Germany Countries-chT Youth 2022"]
[Site "Wiesbaden"]
[Date "2022.10.01"]
[Round "1"]
[White "Leonard, Timo"]
[Black "Pikalow, Michael"]
[Result "1/2-1/2"]
[ECO "A58"]
[WhiteElo "2067"]
[BlackElo "2037"]
[Annotator "TA"]
[PlyCount "57"]
[EventDate "2022.09.28"]
[EventType "team-tourn"]
[EventRounds "7"]
[EventCountry "GER"]
[SourceTitle "playchess.com"]
[Source "ChessBase"]
[SourceQuality "1"]
[TimeControl "40/5400+30:1800+30"]

1. d4 Nf6 2. c4 c5 3. d5 b5 4. cxb5 a6 5. bxa6 g6 6. Nc3 {[%emt 0:00:06] A58: Benko/Volga Gambit: Lines with 5 bxa6.} Bg7 7. e4 {[%emt 0:02:50] Hoping for e5.} O-O 8. Bc4 {[%emt 0:00:24][%cal Oa6a7] White is better.} e6 9. Nf3 (9. a7 $5 Rxa7 10. Nge2 $11) 9... exd5 {[%emt 0:03:05] [#]} 10. Nxd5 $146 ({Predecessor:} 10. exd5 Re8+ 11. Ne2 Bxa6 12. Qc2 Nxd5 13. Bxd5 Bxe2 14. Be3 Bb5 15. Bxa8 Qa5+ 16. Qd2 Qxa8 {0-1 (55) Romeu Viladot,E (1758)-Garcia Molina,J (1923) Salobrena 2021}) 10... Nxd5 (10... Bxa6 $11 11. Bxa6 Rxa6) 11. Qxd5 (11. exd5 Re8+ 12. Kf1 Bxa6 $17) ({White should try} 11. Bxd5 $16 Nc6 12. O-O) 11... Nc6 (11... Bxa6 $11 {remains equal.} 12. O-O (12. Qxa8 Bxc4 13. Qa4 d5 $11) (12. Qxc5 Qc8 $16) 12... Bxc4 13. Qxc4 (13. Qxa8 Qc7 $14) 13... Qe7) 12. O-O Bxa6 13. Qxc5 {[%emt 0:19:54] White is more active.} Qa5 14. Qxa5 Nxa5 15. Bxa6 Rxa6 16. Nd2 {[%emt 0:08:12] Against Nb3} Rb8 17. Rb1 $1 Nc6 {[%emt 0:02:23] [#]} 18. a3 Nd4 19. Re1 {[%emt 0:03:12] Against Ne2+} Nb3 20. Nxb3 Rxb3 21. Ra1 Rc6 22. e5 Re6 23. Bf4 (23. Re3 $18 Rxe3 24. Bxe3) 23... Rxb2 $16 24. a4 Rb4 {[%emt 0:02:31] [#]} 25. g3 Ra6 26. Reb1 (26. Rac1 $14 h6 27. a5) 26... Raxa4 $11 {[%emt 0:01:12] The position is equal.} 27. Rxa4 Rxb1+ 28. Kg2 {[%emt 0:00:04] Ra8+ would kill now.} f6 29. Ra5 {[%emt 0:01:57] Weighted Error Value: White=0.16 (very precise) /Black=0.16 (very precise)} 1/2-1/2